AoeStats
← monniervictor

Arena

508444789Analyzed
4v4 RM · 9d ago on Sep 22, 2026· 69m 22s· 8 players
Game mode
Random Map
Map size
Large (8 player)
Population
200
Speed
Normal
Resources
Standard
Victory
Conquest
Starting age
Dark Age
Ending age
Imperial Age
RankedLock teamsTeams togetherTeam positionsShared explorationLock speedFull tech treeHidden civsTurbo modeCheats
Victory
Defeat
🇪🇸 Persians · Spain
874
+13
🇩🇪 Khmer · Germany
827
+15
🇪🇸 Slavs · Spain
818
+15
🇫🇷 Franks · France
747
+18
🇻🇪 Bohemians · Venezuela
882
-18
🇻🇪 Mongols · Venezuela
799
-15
🇨🇳 Portuguese · China
780
-14
🇩🇪 Britons · Germany
757
-14
Pr8feSS8r
10:49 Feudal Age
15:08 Castle Age
13:04 Double-Bit Axe
16:23 Bow Saw
16:03 Horse Collar
19:44 Wheelbarrow
22:21 Detinets
24:17 Loom
25:20 Hand Cart
25:22 Stone Mining
25:31 Gold Mining
27:18 Gold Shaft Mining
27:51 Murder Holes
30:58 Imperial Age
28:52 Forging
30:12 Iron Casting
30:34 Town Watch
30:55 Scale Barding Armor
32:43 Bloodlines
33:36 Blast Furnace
33:21 Onager
35:04 Chemistry
35:57 Chain Barding Armor
35:00 Pikeman
37:08 Two-Man Saw
36:09 Heavy Plow
35:48 Siege Onager
37:41 Fletching
37:28 Elite Boyar
38:33 Conscription
39:57 Plate Barding Armor
40:16 Squires
41:05 Siege Engineers
41:10 Masonry
41:58 Husbandry
43:24 Halberdier
44:05 Scale Mail Armor
45:23 Hoardings
44:50 Druzhina
45:07 Chain Mail Armor
46:38 Man-at-Arms
48:21 Plate Mail Armor
49:36 Long Swordsman
50:13 Bodkin Arrow
51:40 Two-Handed Swordsman
52:31 Champion
66:15 Crop Rotation
Örfdemadafaka
7:29 Loom
12:45 Feudal Age
16:49 Castle Age
14:42 Double-Bit Axe
14:39 Horse Collar
14:53 Stone Mining
16:08 Wheelbarrow
17:50 Bow Saw
17:25 Pikeman
22:40 Heavy Plow
25:12 Hand Cart
24:43 Town Watch
26:55 Town Patrol
28:05 Gold Mining
28:50 Stone Shaft Mining
28:27 Caravan
30:00 Gold Shaft Mining
33:15 Imperial Age
30:39 Man-at-Arms
31:04 Arson
32:21 Ballistics
31:57 Murder Holes
32:25 Forging
32:15 Scale Mail Armor
32:53 Scale Barding Armor
32:38 Fletching
32:48 Padded Archer Armor
33:45 Husbandry
33:56 Bloodlines
33:55 Cavalier
35:19 Iron Casting
35:04 Chain Barding Armor
35:56 Chain Mail Armor
35:38 Bodkin Arrow
35:53 Heavy Scorpion
36:38 Elite Skirmisher
37:38 Double Crossbow
37:36 Capped Ram
41:12 Chemistry
40:23 Masonry
40:25 Fortified Wall
41:58 Siege Ram
41:59 Onager
42:18 Elite Ballista Elephant
44:17 Blast Furnace
49:25 Chain Barding Armor
51:39 Light Cavalry
56:09 Hussar
62:55 Plate Barding Armor
64:23 Architecture
63:58 Siege Engineers
64:03 Careening
63:44 Guard Tower
63:45 Heated Shot
64:06 Clinker Construction
64:02 Siphons
66:59 Conscription
66:39 Tusk Swords
66:10 Sappers
67:16 Hoardings
68:03 Bracer
68:18 Leather Archer Armor
monniervictor
10:38 Feudal Age
11:33 Double-Bit Axe
17:56 Castle Age
22:38 Bow Saw
26:35 Scale Barding Armor
26:43 Forging
29:08 Husbandry
30:01 Gold Mining
30:04 Stone Mining
30:55 Wheelbarrow
30:09 Town Watch
30:10 Loom
31:28 Iron Casting
31:14 Chain Barding Armor
31:48 Caravan
34:17 Hand Cart
34:04 Town Patrol
35:14 Gold Shaft Mining
38:24 Imperial Age
39:06 Chivalry
39:27 Conscription
38:30 Cavalier
40:26 Plate Barding Armor
41:03 Blast Furnace
39:41 Paladin
55:29 Masonry
55:04 Arrowslits
55:30 Fortified Wall
55:16 Murder Holes
56:22 Chemistry
55:43 Ballistics
55:29 Siege Engineers
63:51 Architecture
63:15 Guard Tower
62:59 Light Cavalry
63:56 Scale Mail Armor
aRiPeiCh
0:28 Loom
9:40 Feudal Age
10:03 Double-Bit Axe
10:03 Horse Collar
11:57 Wheelbarrow
18:27 Fletching
20:56 Castle Age
19:19 Padded Archer Armor
19:37 Stone Mining
20:02 Gold Mining
21:01 Forging
21:07 Crossbowman
22:27 Bow Saw
23:50 Heavy Plow
25:22 Bodkin Arrow
27:05 Ballistics
28:25 Hand Cart
27:58 Town Watch
28:32 Leather Archer Armor
29:44 Town Patrol
31:11 Gold Shaft Mining
31:59 Kamandaran
32:39 Thumb Ring
36:59 Imperial Age
35:36 Stone Shaft Mining
35:05 Caravan
35:43 Scale Barding Armor
36:23 Heated Shot
37:10 Iron Casting
37:58 Chain Barding Armor
37:43 Husbandry
41:00 Chemistry
41:03 Blast Furnace
43:04 Cavalier
44:35 Coinage
43:37 Cavalier
44:30 Bloodlines
47:51 Plate Barding Armor
47:47 Ring Archer Armor
50:09 Savar
54:32 Two-Man Saw
felixx.fischer
9:19 Loom
12:01 Feudal Age
12:32 Double-Bit Axe
12:29 Horse Collar
12:43 Gold Mining
14:41 Wheelbarrow
20:43 Castle Age
19:50 Stone Mining
23:04 Heavy Plow
30:06 Imperial Age
28:03 Hand Cart
rtxron99ti
12:28 Feudal Age
17:32 Castle Age
16:05 Double-Bit Axe
16:06 Horse Collar
20:40 Bow Saw
21:07 Wheelbarrow
21:46 Wheelbarrow
21:15 Gold Mining
21:30 Heavy Plow
21:49 Stone Mining
23:40 Loom
24:55 Hand Cart
26:52 Gold Shaft Mining
26:54 Stone Shaft Mining
28:28 Scale Barding Armor
28:34 Forging
28:14 Fletching
32:51 Imperial Age
32:16 Iron Casting
31:42 Padded Archer Armor
33:05 Bodkin Arrow
33:48 Onager
36:09 Bracer
36:25 Leather Archer Armor
37:10 Blast Furnace
36:35 Chain Barding Armor
37:49 Drill
39:03 Siege Onager
40:49 Elite Mangudai
43:46 Scale Mail Armor
54:54 Pikeman
55:34 Squires
56:32 Caravan
57:23 Ballistics
58:04 Chemistry
57:11 Husbandry
57:21 Bloodlines
58:07 Fortified Wall
JAEC
12:29 Feudal Age
14:51 Wheelbarrow
14:03 Double-Bit Axe
17:49 Castle Age
17:14 Horse Collar
20:12 Bow Saw
21:34 Heavy Plow
21:22 Loom
23:40 Hand Cart
25:46 Town Watch
28:36 Imperial Age
28:23 Fortified Wall
27:54 Pikeman
28:40 Scale Mail Armor
28:51 Forging
28:52 Halberdier
29:32 Squires
32:09 Two-Man Saw
31:00 Town Watch
32:20 Arson
33:33 Elite Hussite Wagon
34:33 Conscription
33:33 Elite Hussite Wagon
34:34 Conscription
36:40 Chemistry
35:21 Treadmill Crane
35:44 Town Patrol
38:11 Iron Casting
37:52 Chain Mail Armor
38:12 Iron Casting
37:52 Chain Mail Armor
37:27 Fletching
37:37 Padded Archer Armor
37:27 Fletching
37:37 Padded Archer Armor
37:43 Scale Barding Armor
40:24 Blast Furnace
39:54 Plate Mail Armor
40:24 Blast Furnace
39:55 Plate Mail Armor
58:07 Plate Mail Armor
61:09 Caravan
66:00 Wagenburg Tactics
66:12 Elite Skirmisher
67:17 Bodkin Arrow
67:37 Leather Archer Armor
67:18 Bodkin Arrow
67:38 Leather Archer Armor
板蓝根
8:10 Loom
13:14 Feudal Age
14:03 Double-Bit Axe
15:58 Wheelbarrow
15:17 Gold Mining
20:23 Castle Age
19:03 Stone Mining
21:36 Bow Saw
22:21 Stone Shaft Mining
21:36 Horse Collar
23:48 Heavy Plow
26:23 Wheelbarrow
25:34 Town Watch
28:07 Hand Cart
31:00 Town Patrol
37:30 Imperial Age
35:29 Murder Holes
35:14 Pikeman
36:14 Circumnavigation
36:53 Ballistics
36:14 Treadmill Crane
36:45 Fortified Wall
36:18 Elite Skirmisher
37:46 Halberdier
40:17 Chemistry
39:49 Elite Organ Gun
42:17 Two-Man Saw
Connection lost

Rejoining the realm…

Still unreachable

The connection could not be restored.

Session expired

The server has moved on; the page needs a fresh start.